 Dungeon Crawl Stone Soup version 0.32-a0-135-g14f8b2e1af (webtiles) character file.

Game seed: 146022052978729226

69 Crownlay the Chiller (level 4, -3/32 HPs)
             Began as a Gnoll Ice Elementalist on Feb 10, 2024.
             Slain by a quokka (5 damage)
             ... on level 2 of the Dungeon.
             The game lasted 00:02:08 (844 turns).

Crownlay the Chiller (Gnoll Ice Elementalist)        Turns: 844, Time: 00:02:09

Health: -3/32      AC:  2    Str:  7    XL:     4   Next: 20%
Magic:  11/11      EV: 12    Int: 17    God:
Gold:   42         SH:  4    Dex: 12    Spells: 6/13 levels left

rFire   . . .        e - +0 flail (protect)
rCold   . . .        h - +0 buckler
rNeg    . . .        a - +0 robe
rPois   .            (no helmet)
rElec   .            (no cloak)
rCorr   .            (no gloves)
SInv    .            (no boots)
Will    .....        (no amulet)
Stlth   ++           (no ring)
HPRegen 0.25/turn    (no ring)
MPRegen 0.12/turn

%: no passive effects
@: lethally poisoned (-3 -> -9)
A: fangs 1, strong nose, distributed training
a: no special abilities


You were on level 2 of the Dungeon.
You visited 1 branch of the dungeon, and saw 2 of its levels.

You collected 42 gold pieces.

Inventory:

Hand Weapons
 e - a +0 flail of protection (weapon)
 l - a +0 spear
Missiles
 j - 5 boomerangs (quivered)
Armour
 a - a +0 robe (worn)
 h - a +0 buckler (worn)
Scrolls
 c - 3 scrolls of identify {unknown}
 d - 2 scrolls of noise {unknown}
 g - a scroll of fear {unknown}
 i - a scroll of torment {unknown}
 m - 3 scrolls of amnesia {unknown}
 n - a scroll of teleportation {unknown}
Potions
 b - a potion of magic
 f - 2 potions of enlightenment {unknown}
 k - a potion of heal wounds {unknown}
 o - a potion of lignification {unknown}


   Skills:
 + Level 1.1 Fighting
 + Level 1.1 Short Blades
 + Level 1.1 Long Blades
 + Level 1.1 Axes
 + Level 1.1 Maces & Flails
 + Level 1.1 Polearms
 + Level 1.1 Staves
 + Level 1.1 Ranged Weapons
 + Level 1.1 Throwing
 + Level 1.1 Armour
 + Level 4.6 Dodging
 + Level 4.2 Stealth
 + Level 1.1 Shields
 + Level 1.1 Unarmed Combat
 + Level 5.0 Spellcasting
 + Level 0.8 Conjurations
 + Level 0.8 Hexes
 + Level 0.8 Summonings
 + Level 0.8 Necromancy
 + Level 0.8 Translocations
 + Level 0.8 Fire Magic
 + Level 7.1 Ice Magic
 + Level 0.8 Air Magic
 + Level 0.8 Earth Magic
 + Level 0.8 Alchemy
 + Level 1.2 Invocations
 + Level 1.1 Evocations
 + Level 1.0 Shapeshifting


You had 6 spell levels left.
You knew the following spells:

 Your Spells              Type           Power      Damage    Failure   Level
a - Freeze                Ice            100%       1d10      1%          1
b - Frozen Ramparts       Ice            56%        1d9       3%          3
c - Ozocubu's Armour      Ice            28%        N/A       3%          3

Your spell library contained the following spells:

 Spells                   Type           Power      Damage    Failure   Level
 Ensorcelled Hibernation  Hex/Ice        34%        N/A       7%          2
 Summon Ice Beast         Ice/Summ       17%        N/A       14%         3
 Dazzling Flash           Conj/Hex       14%        N/A       45%         3
 Fugue of the Fallen      Necr           7%         N/A       45%         3
 Volatile Blastmotes      Fire/Tloc      14%        2d11      45%         3
 Anguish                  Hex/Necr       3%         N/A       86%         4
 Starburst                Conj/Fire      3%         6d3       100%        6
 Maxwell's Capacitive Co  Air            3%         ∞         100%        8


Dungeon Overview and Level Annotations

Branches:
Dungeon (2/15)

Altars:


Innate Abilities, Weirdness & Mutations

You have very sharp teeth.
Your uncanny sense of smell can sniff out nearby items.
Your experience applies equally to all skills.


Message History

A giant cockroach comes into view.
A giant cockroach is nearby!
Found a bubbling red potion.
A quokka comes into view.
You barely miss the giant cockroach. The giant cockroach barely misses you.
The giant cockroach bites you.
You closely miss the giant cockroach. The giant cockroach barely misses you.
The giant cockroach bites you.
You sock the giant cockroach!
Your weapon exudes an aura of protection.
You kill the giant cockroach!
An adder comes into view.
The adder hisses angrily.
Found 5 stones and a giant club.
The quokka closely misses you.
You closely miss the quokka. You block the quokka's attack.
The adder bites you.
You are poisoned.
The adder poisons you! The quokka closely misses you.
You closely miss the adder. Your bite misses the adder.
You feel sick. The adder bites you but does no damage.
The quokka barely misses you. The adder bites you.
You feel sick. The quokka attacks as it pursues you! The quokka bites you.
You block the adder's attack.
You feel sick. The adder attacks as it pursues you! The adder bites you.
You are more poisoned.
The adder poisons you! You block the quokka's attack.
You feel sick. The quokka attacks as it pursues you! The quokka bites you.
You feel sick. The adder bites you.
You are more poisoned.
The adder poisons you! The quokka attacks as it pursues you!
The quokka bites you. The adder bites you.
* * * LOW HITPOINT WARNING * * *
You see here 8 gold pieces.
* * * LOW HITPOINT WARNING * * *
You feel sick. The quokka attacks as it pursues you!
The quokka barely misses you.
* * * LOW HITPOINT WARNING * * *
You feel sick. The quokka attacks as it pursues you! The quokka bites you.
You die...

# .. ###.# #.# .##.# #.#
.##.# #.# .##.# #.# #.#
.)#.# #.# #.# ..#.## #.#
#.# #<...## #.# #.#
#.....####.## #@#
###.....##..## #r#
#..#....#..###$#########
##.#.##....$..S.!......##
#.#..#####...........(.#
#>##.# #..............
#.##.# #..............
#.##...# #..............
#.####.# #..............


You could see an adder and a quokka.

Vanquished Creatures
  4 gnolls (D:2)
  2 dart slugs (D:1)
  An endoplasm (D:1)
  5 giant cockroaches
  3 hobgoblins (D:1)
  4 ball pythons
  A frilled lizard (D:1)
  2 goblins
  3 kobolds
  A rat (D:2)
26 creatures vanquished.

Notes
Turn   | Place    | Note
-------+----------+-------------------------------------------
     0 | D:1      | Crownlay the Gnoll Ice Elementalist began the quest for the
                  | Orb.
     0 | D:1      | Reached XP level 1. HP: 13/13 MP: 6/6
   172 | D:1      | Found a faded altar of an unknown god.
   181 | D:1      | Reached XP level 2. HP: 17/20 MP: 7/7
   630 | D:2      | Reached skill level 5 in Spellcasting
   630 | D:2      | Reached XP level 3. HP: 25/25 MP: 7/9
   674 | D:2      | Learned a level 3 spell: Frozen Ramparts
   677 | D:2      | Reached skill level 1 in Invocations
   689 | D:2      | Reached skill level 1 in Fighting
   689 | D:2      | Reached skill level 1 in Short Blades
   689 | D:2      | Reached skill level 1 in Long Blades
   689 | D:2      | Reached skill level 1 in Axes
   689 | D:2      | Reached skill level 1 in Maces & Flails
   689 | D:2      | Reached skill level 1 in Polearms
   689 | D:2      | Reached skill level 1 in Staves
   689 | D:2      | Reached skill level 1 in Ranged Weapons
   689 | D:2      | Reached skill level 1 in Throwing
   689 | D:2      | Reached skill level 1 in Armour
   689 | D:2      | Reached skill level 1 in Shields
   689 | D:2      | Reached skill level 1 in Unarmed Combat
   689 | D:2      | Reached skill level 1 in Evocations
   692 | D:2      | Reached skill level 1 in Shapeshifting
   692 | D:2      | Reached XP level 4. HP: 29/32 MP: 6/11
   803 | D:2      | Learned a level 3 spell: Ozocubu's Armour
   844 | D:2      | Slain by a quokka

Illustrated notes

Levels and vault maps discovered:
D:1:      dpeg_arrival_windows_large_door, layout_rooms,
          shapermc_ecumenical_altar_gd
D:2:      layout_rooms

Skill      XL: |  1  2  3 |
---------------+----------+-----
Spellcasting   | 5 |  5.0
Invocations    | 1 |  1.2
Fighting       | 1 |  1.1
Short Blades   | 1 |  1.1
Long Blades    | 1 |  1.1
Axes           | 1 |  1.1
Maces & Flails | 1 |  1.1
Polearms       | 1 |  1.1
Staves         | 1 |  1.1
Ranged Weapons | 1 |  1.1
Throwing       | 1 |  1.1
Armour         | 1 |  1.1
Shields        | 1 |  1.1
Unarmed Combat | 1 |  1.1
Evocations     | 1 |  1.1
Shapeshifting  | 1 |  1.0
Dodging        | |  4.6
Stealth        | |  4.2
Conjurations   | |  0.8
Hexes          | |  0.8
Summonings     | |  0.8
Necromancy     | |  0.8
Translocations | |  0.8
Fire Magic     | |  0.8
Ice Magic      | |  7.1
Air Magic      | |  0.8
Earth Magic    | |  0.8
Alchemy        | |  0.8

Action                     |  1- 3 |  4- 6 || total
---------------------------+-------+-------++-------
  Melee: Flail             |    50 |     8 ||    58
         Long sword        |     6 |       ||     6
         Bite              |     3 |       ||     3
  Throw: Boomerang         |     6 |     2 ||     8
   Cast: Freeze            |     1 |       ||     1
         Frozen Ramparts   |     2 |       ||     2
   Stab: Sleeping          |     4 |     1 ||     5
 Armour: Robe              |    24 |    12 ||    36
  Dodge: Dodged            |    43 |     6 ||    49
  Block: Buckler           |     5 |     3 ||     8

Table legend: (Time is in decaauts)
 A = Elapsed time spent in this place.
 B = Non-inter-level travel time spent in this place.
 C = Inter-level travel time spent in this place.
 D = Time resting spent in this place.
 E = Time spent auto-exploring this place.
 F = Levels seen in this place.
 G = Mean time per level.
                   A        B        C        D        E       F      G
               +--------+--------+--------+--------+--------+-----+--------+
         Total |    872 |    834 |     38 |      0 |    556 |   2 |  436.0 |
       Dungeon |    872 |    834 |     38 |      0 |    556 |   2 |  436.0 |
               +--------+--------+--------+--------+--------+-----+--------+

Top non-repeatable levels by time:
     D:1: 623 daAuts
     D:2: 248 daAuts
